 Dungeon Crawl Stone Soup version 0.25-b1-23-ge2ad7d536c (webtiles) character file.

Game seed: 9674259477318483975, levelgen mode: deterministic

181 Dirian the Slasher (level 5, -7/47 HPs)
             Began as a Minotaur Fighter on May 29, 2020.
             Was a Follower of Zin.
             Killed by divine providence
             ... invoked by an orc priest
              (14 damage)
             ... on level 3 of the Dungeon.
             The game lasted 00:03:17 (2379 turns).

Dirian the Slasher (Minotaur Fighter)               Turns: 2379, Time: 00:03:17

Health: -7/47      AC:  7    Str: 20    XL:     5   Next: 34%
Magic:  4/4        EV:  7    Int:  5    God:    Zin [*.....]
Gold:   155        SH:  9    Dex: 11    Spells: 4/4 levels left

rFire    . . .     SeeInvis .   a - +0 long sword
rCold    . . .     Gourm    .   c - +0 kite shield
rNeg     . . .     Faith    .   b - +0 scale mail
rPois    .         Spirit   .   (helmet restricted)
rElec    .         Reflect  .   (no cloak)
rCorr    .         Harm     .   (no gloves)
MR       .....                  (no boots)
Stlth    ..........             (no amulet)
HPRegen  0.15/turn              (no ring)
MPRegen  0.09/turn              (no ring)

@: mighty
A: retaliatory headbutt, horns 2
a: Recite, Donate Gold, Renounce Religion


You were on level 3 of the Dungeon.
You worshipped Zin.
Zin was aware of your devotion.
You were not hungry.

You visited 1 branch of the dungeon, and saw 3 of its levels.

You collected 172 gold pieces.
You donated 17 gold pieces to Zin.

Inventory:

Hand Weapons
 a - a +0 long sword (weapon)
Armour
 b - a +0 scale mail (worn)
 c - a +0 kite shield (worn)
Jewellery
 q - a +4 ring of evasion
Scrolls
 e - 3 scrolls of identify {unknown}
 g - a scroll of amnesia {unknown}
 h - 2 scrolls of teleportation {unknown}
 l - 3 scrolls of random uselessness {unknown}
 m - 2 scrolls of magic mapping {unknown}
 p - 2 scrolls of fog {unknown}
 r - a scroll of remove curse {unknown}
Potions
 j - 2 potions of cancellation {unknown}
 k - 5 potions of curing {unknown}
 n - a potion of magic {unknown}
 o - 2 potions of ambrosia {unknown}
Comestibles
 f - 4 rations
 i - 3 chunks of flesh


   Skills:
 + Level 4.4 Fighting
 * Level 5.0 Long Blades
 + Level 4.4 Armour
 + Level 4.5 Shields


You had 4 spell levels left.
You didn't know any spells.
Your spell library was empty.

Dungeon Overview and Level Annotations

Branches:
Dungeon (3/15)

Altars:
Makhleb
Zin


Innate Abilities, Weirdness & Mutations

You reflexively headbutt those who attack you in melee.
You have a pair of horns on your head.


Message History

You are too injured to fight recklessly!
You are too injured to fight recklessly!
You are too injured to fight recklessly!
You are too injured to fight recklessly!
You closely miss the orc priest.
You headbutt the orc priest, but do no damage.
You hear some strange, mumbled words.
A magic dart appears from out of thin air!
The magic dart hits you!
* * * LOW HITPOINT WARNING * * *
You hear some strange, mumbled words.
A puff of frost appears from out of thin air!
The puff of frost hits you.
* * * LOW HITPOINT WARNING * * *
The orc priest barely misses you.
You feel very mighty all of a sudden. Something hits you but does no damage.
The orc priest mumbles some strange prayers to Beogh against you.
Beogh smites you!
You die...

#.#### ###....#.. #<...#
####.... ####### ####>#
##.>...# ....... #)##
##..#..(# .......
#..###..#...(. .......
##.((......... .......
####...........(.
.......##....#...........
......o)@.####.....#.....
.......#######.....#.....
....... .......(......
....... ###.(.........
....... #....)......
###.... #######.....
##..# ##.<.# ... #####


You could see an orc priest.

Vanquished Creatures
  Natasha (D:3)
  4 gnolls (D:2)
  4 adders (D:2)
  2 oozes
  2 worms (D:2)
  2 leopard geckos (D:1)
  An orc (D:3)
  5 bats
  13 goblins
  7 hobgoblins
  4 jackals (D:1)
  A quokka (D:3)
  A ball python (D:2)
  2 frilled lizards (D:3)
  8 kobolds
  10 rats
67 creatures vanquished.

Notes
Turn   | Place    | Note
-------+----------+-------------------------------------------
     0 | D:1      | Dirian the Minotaur Fighter began the quest for the Orb.
     0 | D:1      | Reached XP level 1. HP: 19/19 MP: 0/0
   186 | D:1      | Reached XP level 2. HP: 19/27 MP: 1/1
   189 | D:1      | Reached skill level 3 in Long Blades
   865 | D:2      | Reached XP level 3. HP: 33/33 MP: 2/2
  1315 | D:2      | Reached XP level 4. HP: 40/40 MP: 3/3
  1317 | D:2      | Reached skill level 4 in Long Blades
  1808 | D:2      | Reached XP level 5. HP: 43/47 MP: 4/4
  2239 | D:3      | Found a burning altar of Makhleb.
  2242 | D:3      | Found a glowing silver altar of Zin.
  2242 | D:3      | Noticed an angel
  2242 | D:3      | Noticed a green death
  2251 | D:3      | Became a worshipper of Zin the Law-Giver
  2251 | D:3      | Reached * piety under Zin
  2264 | D:3      | Noticed Natasha
  2271 | D:3      | Killed Natasha
  2374 | D:3      | Reached skill level 5 in Long Blades
  2379 | D:3      | Killed from afar by an orc priest

Illustrated notes

Levels and vault maps discovered:
D:1:      dpeg_arrival_water_fire, layout_basic
D:2:      layout_rooms, first_ration
D:3:      layout_rooms, grunt_temple_overflow_order_and_chaos_2, uniq_natasha

Skill      XL: |  1  2  3  4  5 |
---------------+----------------+-----
Long Blades    | 3 4 5 |  5.0
Fighting       | 4 |  4.4
Shields        | 4 |  4.5
Armour         | 4 |  4.4

Action                   |  1- 3 |  4- 6 || total
-------------------------+-------+-------++-------
Melee: Long sword        |    75 |    91 ||   166
       Headbutt          |     9 |    19 ||    28
  Use: Potion            |     1 |     1 ||     2
  Eat: Chunk             |     1 |     4 ||     5
Armor: Scale mail        |    33 |    32 ||    65
Dodge: Dodged            |    33 |    24 ||    57
Block: Kite shield       |    43 |    49 ||    92
       Rpst.: Long sword |     8 |    11 ||    19
